 Dungeon Crawl Stone Soup version 0.22.1-2-g9c5b331 (webtiles) character file.

9633 wall the Basher (level 11, -9/97 HPs)
             Began as a Minotaur Berserker on Nov 24, 2018.
             Was a High Priest of Trog.
             Killed from afar by an oklob plant (13 damage)
             ... with a splash of acid
             ... on level 1 of the Lair of Beasts on Nov 26, 2018.
             The game lasted 02:20:20 (15491 turns).

wall the Basher (Minotaur Berserker)               Turns: 15491, Time: 02:20:21

Health: -9/97      AC:  0    Str: 21    XL:     11   Next: 25%
Magic:  10/10      EV:  6    Int: 12    God:    Trog [*****.]
Gold:   373        SH:  9    Dex: 11    Spells: 10/10 levels left

rFire    . . .     SeeInvis .   S - +3 eveningstar (holy)
rCold    . . .     Gourm    .   p - +0 shield
rNeg     . . .     Faith    +   G - +1 plate armour
rPois    .         Spirit   .   (helmet restricted)
rElec    .         Reflect  .   L - scarf {repulsion}
rCorr    .         Harm     .   (no gloves)
MR       .....                  (no boots)
Stlth    ..........             d - amulet of faith
HPRegen  0.26/turn              r - ring of stealth
MPRegen  0.12/turn              y - +5 ring of intelligence

@: about to teleport, corroded, very slightly contaminated, repel missiles
A: retaliatory headbutt, horns 2
a: Berserk, Trog's Hand, Brothers in Arms, Renounce Religion


You were on level 1 of the Lair of Beasts.
You worshipped Trog.
Trog was extremely pleased with you.
You were not hungry.

You visited 3 branches of the dungeon, and saw 12 of its levels.
You also visited: Sewer.

You collected 562 gold pieces.
You spent 189 gold pieces at shops.

Inventory:

Hand Weapons
 a - a +4 hand axe
 f - a +1 shortbow
 j - a +0 lajatang
 v - a +4 quarterstaff of chaos
 x - a +2 mace of protection
 O - a +0 trident
 R - the +9 great sword of Impatience {slice, *Rage +Inv Int+3 Stlth+}
   (Trog gifted it to you on level 9 of the Dungeon)

   It inflicts extra damage upon your enemies.
   It affects your intelligence (+3).
   It lets you turn invisible.
   It may make you go berserk in combat.
   It makes you more stealthy.
 S - a +3 eveningstar of holy wrath (weapon)
Missiles
 m - 222 arrows
Armour
 p - a +0 shield (worn)
 B - a scarf of resistance
 G - a +1 plate armour (worn)
 L - a scarf of repulsion (worn)
Jewellery
 d - an amulet of faith (around neck)
 r - a ring of stealth (left hand)
 y - a +5 ring of intelligence (right hand)
 N - an uncursed amulet of the gourmand
Wands
 q - a wand of paralysis (11)
 A - a wand of iceblast (8)
 Q - a wand of acid (18)
Scrolls
 b - 5 scrolls of remove curse
 e - 3 scrolls of magic mapping
 h - 7 scrolls of teleportation
 t - 3 scrolls of enchant armour
 w - 5 scrolls of enchant weapon
 z - a scroll of identify
 F - 2 scrolls of amnesia
 H - 2 scrolls of fog
Potions
 g - a potion of resistance {unknown}
 k - 2 potions of curing
 l - 4 potions of lignification
 n - a potion of invisibility {unknown}
 o - a potion of cancellation {unknown}
 s - a potion of flight
 u - 2 potions of brilliance
 C - a potion of ambrosia {unknown}
 E - a potion of haste {unknown}
 J - a potion of might
 K - a potion of magic
 M - a potion of mutation {unknown}
Comestibles
 c - 21 rations


   Skills:
 + Level 9.3 Fighting
 + Level 10.3 Maces & Flails
 * Level 8.6 Polearms
 + Level 6.5 Bows
 + Level 4.0 Throwing
 + Level 9.1 Armour
 + Level 5.5 Dodging
 - Level 1.0 Stealth
 + Level 4.4 Shields


You had 10 spell levels left.
You didn't know any spells.
Your spell library contained the following spells:

 Spells                   Type           Power        Failure   Level  Hunger
 Confusing Touch          Hex            #.....       100%        1    ##.....
 Sandblast                Erth           #.....       100%        1    ##.....
 Sting                    Conj/Pois      #...         100%        1    ##.....
 Passwall                 Tmut/Erth      #.......     100%        2    ###....
 Poisonous Vapours        Pois/Air       #.....       100%        2    ###....
 Confuse                  Hex            #.......     100%        3    ####...
 Gell's Gravitas          Tloc           #.........   100%        3    ####...
 Mephitic Cloud           Conj/Pois/Air  #.......     100%        3    ####...
 Stone Arrow              Conj/Erth      #.....       100%        3    ####...
 Olgreb's Toxic Radiance  Pois           #.......     100%        4    #####..
 Petrify                  Tmut/Erth      #.......     100%        4    #####..
 Lee's Rapid Deconstruct  Erth           #.........   100%        5    ######.
 Metabolic Englaciation   Hex/Ice        #.........   100%        5    ######.
 Venom Bolt               Conj/Pois      #.........   100%        5    ######.
 Yara's Violent Unravell  Hex/Tmut       #.........   100%        5    ######.


Dungeon Overview and Level Annotations

Branches:
Dungeon (10/15)            Temple (1/1) D:7            Lair (1/6) D:10
    Orc (0/2) D:10

Altars:
Ashenzari
Cheibriados
Dithmenos
Elyvilon
Fedhas
Gozag
Hepliaklqana
Kikubaaqudgha
Makhleb
Nemelex Xobeh
Okawaru
Qazlal
Ru
Sif Muna
Trog
Uskayaw
Vehumet
Wu Jian
Xom
Yredelemnul
Zin
The Shining One

Shops:
D:6 (

Annotations:
Lair:1 exclusion: oklob plant


Innate Abilities, Weirdness & Mutations

You reflexively headbutt those who attack you in melee.
You have a pair of horns on your head.


Message History

The splash of acid hits you!
* * * LOW HITPOINT WARNING * * *
The acid corrodes you!
You are splashed with acid!
The acid burns!
* * * LOW HITPOINT WARNING * * *
As you read the scroll of teleportation, it crumbles to dust.
You feel strangely unstable.
You bludgeon the bush!!
The bush is lightly damaged.
You puncture the bush!
The bush is moderately damaged.
The oklob plant spits acid at you. The splash of acid hits you!
* * * LOW HITPOINT WARNING * * *
You are splashed with acid!
The acid burns!
* * * LOW HITPOINT WARNING * * *
You puncture the bush!
The bush is moderately damaged.
The oklob plant spits acid at you. The splash of acid hits you!
You die...

#...#.......##....#.....
##..#........'....#.....
#.'........#...........
#.##.......##.......[..
#.##.......#.....#.....
#.#..##.###.#....#.....
#..#.(.#.###.....##.##'
#...PPP................
#...PP@?.....[.........
#...PPP................
#....$.................
#...............##.#.##
#...............######.
#...##.#........#......
##...............##.....
#....'............#.....
##...#.......#...##.....


You could see an oklob plant.

Vanquished Creatures
  A spiny frog (Lair:1)
  A komodo dragon (Lair:1)
  A rime drake (Lair:1)
  The ghost of Sharpo the Skirmisher, an amateur GrFi (D:3)
  3 hippogriffs
  A wraith (D:10)
  4 wyverns
  8 yaks (D:10)
  An acid dragon (D:10)
  3 water moccasins
  A porcupine (Lair:1)
  5 phantoms
  5 orc warriors
  2 sky beasts
  A black bear (D:7)
  5 ogres
  8 centaurs
  5 crocodiles
  2 big kobolds
  9 bullfrogs
  2 wyvern skeletons
  2 scorpions
  6 killer bees (D:7)
  3 wights (D:6)
  A howler monkey (D:4)
  3 crimson imps
  6 hounds
  A quasit (D:8)
  2 bullfrog zombies
  A centaur zombie (D:9)
  3 orc priests
  Crazy Yiuf (D:2)
  3 jellies
  Jessica (D:2)
  6 bullfrog skeletons
  3 iguanas
  6 orc wizards
  Natasha (thrice) (D:3)
  6 worker ants
  A killer bee zombie (D:9)
  2 hound skeletons
  18 adders
  4 gnolls (D:3)
  5 river rats
  3 shadow imps
  2 adder skeletons
  An adder zombie (D:5)
  A worm (D:6)
  2 dart slugs
  8 leopard geckos
  31 orcs
  6 bats
  5 giant cockroaches
  8 goblins
  4 hobgoblins
  18 jackals
  21 kobolds
  3 quokkas
  13 ball pythons
  5 frilled lizards
  2 quokka zombies
  33 rats
  A bush (Lair:1)
  14 fungi (Lair:1)
  4 plants
341 creatures vanquished.

Notes
Turn   | Place    | Note
-------+----------+-------------------------------------------
     0 | D:1      | wall the Minotaur Berserker began the quest for the Orb.
     0 | D:1      | Reached XP level 1. HP: 19/19 MP: 0/0
   165 | D:1      | Reached XP level 2. HP: 27/27 MP: 1/1
   490 | D:1      | Reached ** piety under Trog
   726 | D:2      | Reached XP level 3. HP: 32/33 MP: 2/2
  1110 | D:2      | Noticed Jessica
  1124 | D:2      | Found an iron altar of Okawaru.
  1126 | D:2      | Killed Jessica
  1214 | D:2      | Found a runed door.
  1304 | D:2      | Reached XP level 4. HP: 41/41 MP: 3/3
  1405 | D:2      | Noticed Crazy Yiuf
  1408 | D:2      | Killed Crazy Yiuf
  1497 | D:3      | Found a runed door.
  1501 | D:3      | Noticed Sharpo's ghost (amateur GrFi)
  1539 | D:3      | Reached skill level 5 in Polearms
  1613 | D:3      | Reached XP level 5. HP: 42/47 MP: 4/4
  1613 | D:3      | Reached skill level 5 in Fighting
  1623 | D:3      | Killed Sharpo's ghost
  1623 | D:3      | Reached XP level 6. HP: 30/56 MP: 5/5
  1725 | D:3      | Noticed Natasha
  1745 | D:3      | Killed Natasha
  1846 | D:3      | Noticed Natasha
  1851 | D:3      | Killed Natasha
  1885 | D:3      | Noticed Natasha
  1898 | D:3      | Killed Natasha
  1898 | D:3      | Reached *** piety under Trog
  1898 | D:3      | Reached skill level 1 in Maces & Flails
  2002 | D:3      | Found a shadowy altar of Dithmenos.
  2489 | D:4      | Reached XP level 7. HP: 62/62 MP: 6/6
  2641 | D:4      | Found a glowing drain.
  2665 | D:4      | Reached skill level 2 in Maces & Flails
  2749 | Sewer    | Entered a sewer
  2837 | Sewer    | Reached **** piety under Trog
  3152 | Sewer    | Reached skill level 3 in Maces & Flails
  3157 | Sewer    | Reached skill level 5 in Armour
  3359 | D:4      | Reached skill level 4 in Maces & Flails
  3363 | D:4      | Found a blossoming altar of Fedhas.
  3466 | D:4      | Reached skill level 1 in Stealth
  3466 | D:4      | Reached XP level 8. HP: 70/70 MP: 7/7
  3899 | D:4      | Reached skill level 5 in Maces & Flails
  3899 | D:4      | Reached skill level 5 in Dodging
  4475 | D:5      | Entered Level 5 of the Dungeon
  4548 | D:5      | Reached skill level 6 in Maces & Flails
  4592 | D:5      | Reached ***** piety under Trog
  4897 | D:5      | Reached skill level 1 in Bows
  4897 | D:5      | Reached skill level 1 in Throwing
  5018 | D:5      | Found a white marble altar of Elyvilon.
  5104 | D:5      | Found a shattered altar of Ashenzari.
  5306 | D:6      | Found Gaddavecuj's Antique Weapon Shoppe.
  5323 | D:6      | Bought a runed halberd for 189 gold pieces
  5625 | D:6      | Reached XP level 9. HP: 79/79 MP: 8/8
  6238 | D:6      | Found a sparkling altar of Nemelex Xobeh.
  6238 | D:6      | Found an opulent altar of Gozag.
  6649 | D:7      | Reached skill level 7 in Maces & Flails
  6677 | D:7      | Found a staircase to the Ecumenical Temple.
  6784 | D:7      | Received a gift from Trog
  6798 | D:7      | Reached skill level 5 in Bows
  7055 | D:7      | Reached skill level 8 in Maces & Flails
  7916 | D:8      | Found an ancient bone altar of Kikubaaqudgha.
  8187 | D:8      | Reached XP level 10. HP: 83/90 MP: 9/9
  9175 | D:9      | Reached skill level 9 in Maces & Flails
  9178 | D:9      | Reached skill level 1 in Shields
  9300 | D:9      | Received a gift from Trog
  9347 | D:9      | Got a slimy great sword {god gift}
  9817 | D:9      | Found a glowing golden altar of the Shining One.
  9832 | D:9      | Identified the +9 great sword of Impatience {slice, *Rage
                  | +Inv Int+3 Stlth+} (Trog gifted it to you on level 9 of the
                  | Dungeon)
 10518 | D:10     | Entered Level 10 of the Dungeon
 10680 | D:10     | Found a staircase to the Orcish Mines.
 11483 | Temple   | Entered the Ecumenical Temple
 12637 | D:10     | Found a staircase to the Lair.
 12865 | D:10     | Reached XP level 11. HP: 97/97 MP: 10/10
 13244 | Lair:1   | Entered Level 1 of the Lair of Beasts
 13365 | Lair:1   | Reached skill level 10 in Maces & Flails
 13587 | Lair:1   | Received a gift from Trog
 14322 | Lair:1   | Noticed an oklob plant
 14547 | Lair:1   | HP: 1/97 [acid (6)]
 15490 | Lair:1   | HP: 4/97 [acid (11)]
 15491 | Lair:1   | Killed from afar by an oklob plant

Skill      XL: |  1  2  3  4  5  6  7  8  9 10 11 |
---------------+----------------------------------+-----
Fighting       | 4 5 6 7 8 9 |  9.3
Polearms       | 4 5 6 8 |  8.6
Armour         | 3 4 5 6 7 8 9 |  9.1
Dodging        | 3 4 5 |  5.5
Maces & Flails | 1 4 6 8 9 10 | 10.3
Stealth        | 1 |  1.0
Bows           | 2 6 |  6.5
Throwing       | 1 3 4 |  4.0
Shields        | 3 4 |  4.4

Action                   |  1- 3 |  4- 6 |  7- 9 | 10-12 || total
-------------------------+-------+-------+-------+-------++-------
Melee: Spear             |    76 |    32 |       |       ||   108
       Headbutt          |    15 |    15 |    69 |   114 ||   213
       Mace              |       |    89 |   390 |   441 ||   920
       Halberd           |       |       |    16 |       ||    16
       Eveningstar       |       |       |       |   103 ||   103
 Fire: Shortbow          |       |       |   137 |    89 ||   226
Throw: Stone             |       |     1 |     5 |       ||     6
       Tomahawk          |       |       |     3 |    94 ||    97
Invok: Berserk           |       |       |     2 |     1 ||     3
  Use: Scroll            |     4 |     3 |    10 |    12 ||    29
       Potion            |       |       |     7 |     2 ||     9
  Eat: Chunk             |     1 |     4 |    11 |     5 ||    21
       Ration            |       |       |     3 |     6 ||     9
Armor: Animal skin       |     2 |       |       |       ||     2
       Ring mail         |    12 |    37 |    89 |       ||   138
       Chain mail        |       |       |   130 |       ||   130
       Plate armour      |       |       |    59 |   215 ||   274
Dodge: Dodged            |    35 |    74 |   318 |    62 ||   489
       Deflected         |       |       |    13 |    16 ||    29
Block: Shield            |       |       |       |   173 ||   173
